 Dungeon Crawl Stone Soup version 0.25-a0-785-gb22c70e859 (webtiles) character file.

Game seed: 6008352740868613739, levelgen mode: deterministic

1007 mortelune the Cutter (level 8, -32/51 HPs)
             Began as a Kobold Hunter on Apr 17, 2020.
             Killed from afar by a crimson imp (42 damage)
             ... with an exploding inner flame
             ... hexed by the player character
             ... on level 8 of the Dungeon.
             The game lasted 00:10:16 (5727 turns).

mortelune the Cutter (Kobold Hunter)                Turns: 5727, Time: 00:10:16

Health: -32/51     AC:  8    Str: 11    XL:     8   Next: 44%
Magic:  8/8        EV: 13    Int: 13    God:
Gold:   244        SH:  0    Dex: 15    Spells: 7/7 levels left

rFire    . . .     SeeInvis .   a - +2 hand crossbow
rCold    + + .     Gourm    .   (shield restricted)
rNeg     . . .     Faith    .   e - +1 scale mail {rC+}
rPois    .         Spirit   .   (no helmet)
rElec    .         Reflect  .   r - +0 cloak
rCorr    .         Harm     .   (no gloves)
MR       +....                  (no boots)
Stlth    ..........             (no amulet)
HPRegen  0.17/turn              j - ring of protection from magic
MPRegen  0.11/turn              s - ring of protection from cold

@: no status effects
A: small, carnivore
a: no special abilities


You were on level 8 of the Dungeon.
You were not hungry.

You visited 1 branch of the dungeon, and saw 6 of its levels.

You collected 244 gold pieces.

Inventory:

Hand Weapons
 a - a +2 hand crossbow (weapon)
 b - a +0 rapier
 p - a +0 short sword
 q - the cursed +1 war axe of the Heavens {protect, rElec rN+++ MR- Stlth+}
   (You found it on level 4 of the Dungeon)

   It grants its wielder temporary protection when it strikes (+7 to AC).
   It insulates you from electricity.
   It renders you almost immune to negative energy.
   It affects your resistance to hostile enchantments.
   It makes you more stealthy.
   It has a curse placed upon it.
Missiles
 c - 68 stones
 d - 11 bolts (quivered)
Armour
 e - a +1 scale mail of cold resistance (worn)
 h - a +0 buckler
 r - a +0 cloak (worn)
Jewellery
 j - a ring of protection from magic (left hand)
 s - a ring of protection from cold (right hand)
Wands
 k - a wand of digging (11)
 n - a wand of polymorph (6)
Scrolls
 g - a scroll of identify
 i - 3 scrolls of amnesia
 t - a scroll of enchant weapon
Potions
 l - 2 potions of lignification
 m - a potion of curing {unknown}
 o - 2 potions of stabbing {unknown}
Comestibles
 f - 4 rations


   Skills:
 * Level 6.1 Fighting
 * Level 6.8 Short Blades
 + Level 6.6 Crossbows
 + Level 5.1 Dodging
 - Level 1.3 Stealth


You had 7 spell levels left.
You didn't know any spells.
Your spell library was empty.

Dungeon Overview and Level Annotations

Branches:
Dungeon (5/15)
 Temple: D:4-7

Altars:
Ashenzari
Hepliaklqana
Qazlal

Annotations:
D:3 1 runed translucent door, wintastic's ghost, amateur DDFi
D:4 Edmund


Innate Abilities, Weirdness & Mutations

You are small and have problems with some larger weapons.
You are carnivorous and can eat meat at any time.


Message History

Flame seeps out of the phantom.
The crimson imp hits you. The jackal barely misses you.
The phantom blinks!
A magic dart appears from out of thin air!
The magic dart hits you.
The orc wizard casts a spell.
The orc wizard seems to speed up.
The jackal closely misses you.
Firing (i - inventory. (/) - cycle)
d - 11 bolts (quivered)
Press: ? - help, Shift-Dir - straight line, f - orc wizard
Aim: an orc wizard, wielding a +0 dagger and wearing a cursed +0 robe (fast, inner flame)
You shoot a bolt. The bolt hits the crimson imp!
The crimson imp explodes!
The fiery explosion engulfs the jackal!!
The jackal explodes!
The fiery explosion engulfs you!!
Ouch! That really hurt!
* * * LOW HITPOINT WARNING * * *
The fiery explosion engulfs you!!!
Ouch! That really hurt!
You die...

###########
#....$....#
#(....§§§@#
#.....☼§§§#
#....o☼☼§§#
......§○..#
..>..§§○..#
#.....§§.%#
#.......W.#
#.........#
###########


You could see a phantom (inner flame) and an orc wizard (inner flame).

Vanquished Creatures
  A sky beast (D:5)
  A phantom (D:5)
  2 ogres (D:4)
  Blork the orc (D:4)
  A bullfrog (D:5)
  A centaur zombie (D:5)
  A hound (D:3)
  2 orc wizards
  2 orc priests (D:4)
  Jessica (D:3)
  5 worker ants
  Terence (D:2)
  A hound skeleton (D:4)
  10 adders
  An ooze (D:2)
  2 worms
  2 dart slugs (D:1)
  A leopard gecko (D:5)
  11 orcs
  7 bats
  5 giant cockroaches
  12 goblins
  6 hobgoblins
  2 jackals (D:8)
  6 kobolds
  4 quokkas
  A ball python (D:3)
  5 frilled lizards
  8 rats
103 creatures vanquished.

Notes
Turn   | Place    | Note
-------+----------+-------------------------------------------
     0 | D:1      | mortelune the Kobold Hunter began the quest for the Orb.
     0 | D:1      | Reached XP level 1. HP: 12/12 MP: 1/1
    60 | D:1      | Reached skill level 1 in Short Blades
    61 | D:1      | Reached XP level 2. HP: 18/18 MP: 2/2
   132 | D:1      | Reached skill level 5 in Crossbows
   156 | D:1      | Reached XP level 3. HP: 22/22 MP: 3/3
   777 | D:2      | Reached XP level 4. HP: 28/28 MP: 4/4
  1462 | D:2      | Noticed Terence
  1478 | D:2      | Killed Terence
  1478 | D:2      | Reached XP level 5. HP: 17/32 MP: 5/5
  2172 | D:3      | Found a shattered altar of Ashenzari.
  2335 | D:3      | Found a runed translucent door.
  2338 | D:3      | Noticed wintastic's ghost (amateur DDFi)
  2444 | D:3      | Noticed Jessica
  2450 | D:3      | Killed Jessica
  2562 | D:3      | Reached XP level 6. HP: 17/38 MP: 6/6
  3390 | D:4      | Got a polished war axe
  3481 | D:4      | Noticed Blork the orc
  4005 | D:4      | Reached XP level 7. HP: 39/44 MP: 7/7
  4305 | D:4      | Reached skill level 5 in Short Blades
  4347 | D:4      | Reached skill level 5 in Fighting
  4361 | D:4      | Killed Blork the orc
  4564 | D:4      | Noticed Edmund
  4705 | D:5      | Entered Level 5 of the Dungeon
  4716 | D:5      | Reached XP level 8. HP: 36/50 MP: 8/8
  4972 | D:5      | Identified the cursed +1 war axe of the Heavens {protect,
                  | rElec rN+++ MR- Stlth+} (You found it on level 4 of the
                  | Dungeon)
  5583 | D:5      | Found a stormy altar of Qazlal.
  5643 | D:5      | Reached skill level 5 in Dodging
  5676 | D:5      | Found a hazy altar of Hepliaklqana.
  5716 | D:5      | You fall into a shaft and drop 3 floors!
  5727 | D:8      | Killed from afar by a crimson imp

Levels and vault maps discovered:
D:1:      matt_arrival_refuge, layout_rooms
D:2:      layout_rooms, first_ration, kennysheep_generic_room_3, uniq_terence
D:3:      layout_loops_ring, ashenzari_conservatory_becter,
          ebering_ghost_reflecting_pool, uniq_jessica
D:4:      layout_cave_pools, uniq_blork_the_orc, uniq_edmund
D:5:      layout_basic, lemuel_doored_altar, zin_treasury, grunt_qazlal_clouds
D:8:      layout_basic, lair_entry_dummy

Skill      XL: |  1  2  3  4  5  6  7  8 |
---------------+-------------------------+-----
Short Blades   | 1 2 3 4 6 |  6.8
Crossbows      | 5 6 |  6.6
Fighting       | 3 4 5 6 |  6.1
Dodging        | 3 4 5 |  5.1
Stealth        | |  1.3

Action                   |  1- 3 |  4- 6 |  7- 9 || total
-------------------------+-------+-------+-------++-------
Melee: Short sword       |    12 |   170 |       ||   182
       Rapier            |       |    19 |    59 ||    78
 Fire: Hand crossbow     |    60 |    75 |    60 ||   195
  Use: Scroll            |       |     5 |     4 ||     9
       Potion            |       |     3 |     2 ||     5
 Stab: Sleeping          |     1 |     2 |       ||     3
  Eat: Chunk             |     3 |    13 |       ||    16
Armor: Leather armour    |     5 |     9 |       ||    14
       Chain mail        |       |    16 |       ||    16
       Scale mail        |       |    33 |    28 ||    61
Dodge: Dodged            |    17 |   119 |    61 ||   197

Table legend:
 A = Non-vault XP
 B = Vault XP
 C = Vault XP percentage of total XP
 D = Non-vault monster count
 E = Vault monster count
 F = Vault count percentage of total count
                 A         B        C        D         E       F
            +---------+---------+-------+---------+---------+-------
      Total |    1274 |     165 |  11.5 |     100 |       3 |   2.9
            +---------+---------+-------+---------+---------+-------
        D:1 |      46 |       0 |   0.0 |      26 |       0 |   0.0
        D:2 |      81 |      32 |  28.3 |      23 |       1 |   4.2
        D:3 |     134 |      37 |  21.6 |      19 |       1 |   5.0
        D:4 |     528 |      96 |  15.4 |      20 |       1 |   4.8
        D:5 |     438 |       0 |   0.0 |       8 |       0 |   0.0
        D:8 |      47 |       0 |   0.0 |       4 |       0 |   0.0
            +---------+---------+-------+---------+---------+-------
